 Dungeon Crawl Stone Soup version 0.29.0-10-g45618ea6d2 (webtiles) character file.

Game seed: 679001984230710800

2008 freelancePsychic the Caller (level 8, -9/62 HPs)
             Began as a Demigod Wanderer on Sept 2, 2022.
             Killed from afar by a steam dragon (20 damage)
             ... with a ball of steam
             ... on level 6 of the Dungeon.
             The game lasted 00:12:33 (6820 turns).

freelancePsychic the Caller (Demigod Wanderer)      Turns: 6820, Time: 00:12:34

Health: -9/62      AC:  4    Str: 13    XL:     8   Next: 71%
Magic:  11/18      EV: 11    Int: 26    God:
Gold:   290        SH:  0    Dex: 13    Spells: 6/15 levels left

rFire   . . .      SeeInvis .   x - +3 mace "Laummir" {vorpal, rPois Int+4}
rCold   . . .      Faith    .   (no shield)
rNeg    + . .      Spirit   .   f - +0 robe
rPois   +          Reflect  .   (no helmet)
rElec   .          Harm     .   (no cloak)
rCorr   .          Rampage  .   y - +0 pair of gloves
Will    .....                   w - +0 pair of boots
Stlth   +.........              (no amulet)
HPRegen 0.20/turn               k - ring of positive energy
MPRegen 0.16/turn               (no ring)

@: no status effects
A: high MP 1, forlorn, divine attributes
a: no special abilities


You were on level 6 of the Dungeon.
You visited 1 branch of the dungeon, and saw 6 of its levels.

You collected 335 gold pieces.
You spent 45 gold pieces at shops.

Inventory:

Hand Weapons
 a - a +1 trident
 d - a +0 dagger
 t - a +0 dagger of venom
 v - a +1 dagger of draining
 x - the +3 mace "Laummir" (weapon) {vorpal, rPois Int+4}
   (You found it on level 4 of the Dungeon)

   It inflicts extra damage upon your enemies.
   Int:       It affects your intelligence (+4).
   rPois:     It protects you from poison.
Missiles
 b - 2 boomerangs of dispersal
 c - 10 boomerangs
Armour
 f - a +0 robe (worn)
 w - a +0 pair of boots (worn)
 y - a +0 pair of gloves (worn)
Jewellery
 k - a ring of positive energy (left hand)
 D - a ring of protection from cold
Wands
 C - a wand of paralysis (11)
Scrolls
 g - 2 scrolls of amnesia
 h - 2 scrolls of enchant weapon
 i - a scroll of immolation
 l - 2 scrolls of fear
 p - 2 scrolls of teleportation {@r4}
 s - a scroll of silence
 B - a scroll of identify {@r1}
Potions
 e - 2 potions of attraction
 j - 2 potions of lignification
 m - 2 potions of flight
 n - a potion of resistance {unknown}
 o - a potion of brilliance {unknown}
 q - a potion of mutation
 r - a potion of degeneration {unknown}
 u - 3 potions of ambrosia
 z - a potion of curing {@q1}
 A - 2 potions of invisibility {unknown}


   Skills:
 * Level 2.8 Fighting
 - Level 4.0 Polearms
 - Level 1.0 Throwing
 - Level 1.0 Armour
 + Level 1.0 Dodging
 - Level 1.0 Unarmed Combat
 + Level 4.3 Spellcasting
 * Level 5.7 Hexes
 - Level 6.8 Summonings


You had 6 spell levels left.
You knew the following spells:

 Your Spells              Type           Power      Damage    Failure   Level
a - Call Canine Familiar  Summ           41%        N/A       1%          3
b - Summon Guardian Gole  Hex/Summ       38%        N/A       1%          3
c - Tukima's Dance        Hex            35%        N/A       2%          3

Your spell library contained the following spells:

 Spells                   Type           Power      Damage    Failure   Level
 Summon Small Mammal      Summ           100%       N/A       1%          1
 Ensorcelled Hibernation  Hex/Ice        40%        N/A       3%          2
 Portal Projectile        Hex/Tloc       40%        N/A       8%          3
 Blink                    Tloc           10%        N/A       12%         2
 Lesser Beckoning         Tloc           5%         N/A       24%         3
 Spider Form              Tmut/Pois      5%         N/A       24%         3
 Anguish                  Hex/Necr       10%        N/A       26%         4
 Blade Hands              Tmut           2%         N/A       92%         5
 Manifold Assault         Tloc           5%         N/A       92%         5


Dungeon Overview and Level Annotations

Branches:
Dungeon (6/15)
 Temple: D:4-7

Shops:
D:5 [

Annotations:
D:3 Terence
D:6 2 transporters


Innate Abilities, Weirdness & Mutations

You have an increased reservoir of magic. (+10% MP)
You shall have no god before yourself.
Your divine heritage dramatically boosts your attributes as you level up.


Message History

The ball of steam misses you.
A rat comes into view.
Casting: Call Canine Familiar (safe; 1% risk of failure)
Confirm with . or Enter, or press ? or * to list all spells.
Your hound bites the steam dragon.
The steam dragon bites you. The steam dragon claws you.
You hit the steam dragon but do no damage.
The steam dragon is lightly wounded.
Your guardian golem disappears in a puff of smoke!
Your hound bites the steam dragon but does no damage.
Your hound barely misses the steam dragon.
The steam dragon closely misses you. The steam dragon completely misses you.
You sock the steam dragon!
The steam dragon is moderately wounded.
Your hound bites the steam dragon.
The steam dragon breathes steam at you. The ball of steam hits you!!
Your hound barely misses the steam dragon.
The steam dragon closely misses you. x2
The steam dragon attacks as you move away!
The steam dragon misses you. The steam dragon barely misses you.
Your hound bites the steam dragon but does no damage.
Your hound bites the steam dragon.
The steam dragon barely misses your hound.
The steam dragon closely misses your hound.
Your hound barely misses the steam dragon.
Casting: Call Canine Familiar (safe; 1% risk of failure)
Confirm with . or Enter, or press ? or * to list all spells.
A guardian golem appears, shielding your allies.
Your hound barely misses the steam dragon.
Your hound bites the steam dragon but does no damage.
The steam dragon attacks as you move away!
The steam dragon bites you!
* * * LOW HITPOINT WARNING * * *
The steam dragon claws you.
* * * LOW HITPOINT WARNING * * *
Your hound barely misses the steam dragon.
The steam dragon breathes steam at you. The ball of steam hits you!!
You die...

.#### r# #### ~#
<..# ~# .#.# ~# .#.#
##~# .#.#
#####r####### ##.#
#.##........# ...# #
#........9..# ####
#.#.##^.h.ยง@..# #
#....+...D....# #
#.##.#........# # #.
#.#........# # ####
#.#........# ###....
#.#........#
.##.##.##.#........#
.##.##....#........#
.(..####............


You could see a steam dragon (catching breath, ally target), a rat, a friendly
guardian golem (summoned) and a friendly hound (summoned, sheltered).

Vanquished Creatures
  A sky beast (D:6)
  A hound (D:4)
  2 orc priests (D:4)
  An orc wizard (D:4)
  An iguana (D:4)
  5 adders
  2 worms
  2 dart slugs
  12 orcs
  6 ball pythons
  10 endoplasms
  4 giant cockroaches
  4 goblins
  8 hobgoblins
  3 quokkas (D:3)
  5 bats
  6 kobolds
  3 rats
76 creatures vanquished.

Vanquished Creatures (collateral kills)
  An ice beast (D:6)
  A black bear (D:5)
  An ogre (D:6)
  A centaur (D:5)
  A scorpion (D:5)
  A hound (D:5)
  An orc priest (D:5)
  An iguana (D:4)
  4 orc wizards
  4 adders
  2 ufetubi (D:5)
  A worm (D:5)
  4 orcs
  A ball python (D:4)
  2 endoplasms (D:4)
26 creatures vanquished.

Vanquished Creatures (others)
  Pikel (D:5)
  A dancing weapon (D:5)
  2 water moccasins (D:5)
  An ogre (D:4)
  A phantom (D:5)
  A scorpion (D:5)
  A hound (D:5)
  An iguana (D:5)
  An adder (D:5)
  21 plants (D:4)
31 creatures vanquished.

Grand Total: 133 creatures vanquished

Notes
Turn   | Place    | Note
-------+----------+-------------------------------------------
     0 | D:1      | freelancePsychic the Demigod Wanderer began the quest for
                  | the Orb.
     0 | D:1      | freelancePsychic set off with the following items: a +0
                  | trident, a potion of curing {@q1}, 6 boomerangs, a +0
                  | dagger, a potion of heal wounds {@q2}, a +0 robe.
     0 | D:1      | Reached XP level 1. HP: 17/17 MP: 3/3
   380 | D:1      | Reached XP level 2. HP: 24/24 MP: 4/4
  1099 | D:2      | Reached skill level 1 in Summonings
  1289 | D:2      | Reached XP level 3. HP: 18/29 MP: 4/6
  1484 | D:2      | Learned a level 3 spell: Call Canine Familiar
  1792 | D:2      | Reached skill level 1 in Spellcasting
  2164 | D:3      | Reached skill level 2 in Summonings
  2313 | D:3      | Noticed Terence
  2451 | D:3      | Reached XP level 4. HP: 29/36 MP: 8/8
  2797 | D:3      | Noticed a cacodemon
  2804 | D:3      | Noticed a hellwing
  2804 | D:3      | Noticed a ynoxinul
  2839 | D:3      | Noticed a profane servitor
  3364 | D:4      | Reached skill level 3 in Summonings
  3364 | D:4      | Reached XP level 5. HP: 3/41 MP: 10/10
  3789 | D:4      | Identified the +3 mace "Laummir" {vorpal, rPois Int+4}
  3890 | D:4      | Learned a level 3 spell: Summon Guardian Golem
  3953 | D:4      | Noticed an ogre
  3974 | D:4      | Killed an ogre
  3975 | D:4      | Reached skill level 1 in Hexes
  3975 | D:4      | Reached skill level 4 in Summonings
  3975 | D:4      | Reached XP level 6. HP: 39/48 MP: 6/12
  4050 | D:4      | Learned a level 3 spell: Tukima's Dance
  4811 | D:5      | Entered Level 5 of the Dungeon
  4811 | D:5      | Found Ceheo's Armour Shop.
  4814 | D:5      | Bought a +0 pair of gloves for 45 gold pieces
  4828 | D:5      | Noticed a water moccasin
  4855 | D:5      | Killed a water moccasin
  4872 | D:5      | Reached XP level 7. HP: 55/55 MP: 8/14
  5147 | D:5      | Reached skill level 5 in Summonings
  5894 | D:5      | Noticed Pikel
  5911 | D:5      | Killed Pikel
  5912 | D:5      | Reached skill level 5 in Hexes
  5912 | D:5      | Reached skill level 6 in Summonings
  5912 | D:5      | Reached XP level 8. HP: 61/61 MP: 11/17
  6793 | D:6      | Found a transporter.
  6800 | D:6      | Found a transporter.
  6820 | D:6      | Killed from afar by a steam dragon

Illustrated notes

Levels and vault maps discovered:
D:1:      minmay_arrival_shattered_statue, layout_basic,
          shapermc_ecumenical_altar_venn, moated_statue, minmay_pentomino_r2
D:2:      layout_loops_ring
D:3:      layout_basic, grunt_temple_overflow_holy_war,
          mainiacjoe_overflow_small_starburst, makhleb_altar_promises_db,
          chequers_serial_rivers_small_a, minivault_24,
          kennysheep_generic_room_8, uniq_terence
D:4:      layout_basic, okawaru_metal_pillars_3, nicolae_ashenzari_panopticon,
          serial_bayou_lake_a
D:5:      minmay_recursive_quarters, layout_basic, serial_curves,
          eino_curves_01, eino_curves_04, nicolae_stop_n_shop_1, uniq_pikel
D:6:      layout_basic, kiku_gazebo_pond_becter, gup_sewer_entry_spiral,
          gammafunk_ghost_stat_death

Skill      XL: |  1  2  3  4  5  6  7 |
---------------+----------------------+-----
Fighting       | 2 |  2.8
Polearms       | 4 |  4.0
Summonings     | 1 2 3 4 6 |  6.8
Spellcasting   | 1 2 4 |  4.3
Hexes          | 1 2 5 |  5.7
Throwing       | |  1.0
Armour         | |  1.0
Dodging        | |  1.0
Unarmed Combat | |  1.0

Action                   |  1- 3 |  4- 6 |  7- 9 || total
-------------------------+-------+-------+-------++-------
Melee: Trident           |   102 |    46 |       ||   148
       Dagger            |       |    32 |       ||    32
       Punch             |       |     1 |       ||     1
       Mace              |       |    27 |    41 ||    68
Throw: Boomerang         |    44 |    18 |       ||    62
 Cast: Call Canine Famil |     1 |    10 |    12 ||    23
       Summon Guardian G |       |     3 |    14 ||    17
       Tukima's Dance    |       |       |     6 ||     6
  Use: Scroll            |       |     8 |     3 ||    11
       Potion            |       |     4 |       ||     4
 Stab: Sleeping          |     2 |     3 |       ||     5
       Distracted        |       |       |     1 ||     1
Armor: Robe              |    14 |    13 |    23 ||    50
       Skin              |       |    16 |       ||    16
Dodge: Dodged            |    63 |    50 |    39 ||   152
